Map: Ulrena

Players

BoboLuvRcoon - Winner!

  • Race: Zerg Zerg

MARU

  • Race: Terran Terran

VOD

Have the link to the VOD?

Description

Time

  • Played on: Nov. 11, 2015, 2:25 a.m.
  • Length: 9:47
Show
View Real Time Build Order
Export as new Build Order

BoboLuvRcoon Zerg - Winner!

Build Orders: Hatch First, Muta Ling Bane 

Get SALT Encoding   

  12  0:01  Drone  
  13  0:12  Overlord  
  13  0:17  Drone  
  14  0:31  Drone x2  
  14  0:34  Drone  
  17  0:56  Hatchery  
  16  1:04  Drone  
  16  1:06  Extractor  
  16  1:11  Drone  
  17  1:19  Spawning Pool  
  16  1:27  Drone x2  
  16  1:31  Drone  
  19  1:43  Overlord  
  19  2:05  Queen  
  21  2:09  Metabolic Boost  
  21  2:14  Zergling x2  
  22  2:31  Drone  
  22  2:32  Drone x3  
  22  2:36  Drone  
  27  2:42  Queen  
  31  2:50  Drone  
  30  3:00  Zergling x6  
  30  3:01  Zergling x2  
  30  3:02  Extractor  
  33  3:10  Overlord  
  33  3:15  Overlord  
  33  3:18  Queen  
  35  3:23  Lair  
  35  3:28  Drone  
  35  3:29  Drone  
  35  3:30  Drone  
  38  3:35  Drone  
  38  3:36  Drone  
  40  3:45  Drone  
  41  3:53  Drone  
  41  3:54  Overlord, Zergling x4  
  44  4:05  Overlord  
  44  4:10  Overlord, Zergling x2, Extractor  
  44  4:11  Extractor  
  42  4:19  Drone x3  
  42  4:23  Zergling x4  
  44  4:27  Spire  
  42  4:40  Drone x6  
  48  4:49  Overlord  
  48  5:04  Overlord  
  48  5:09  Hatchery  
  48  5:11  Drone  
  48  5:12  Drone x2, Overlord  
  50  5:16  Spore Crawler  
  50  5:18  Spore Crawler  
  48  5:29  Drone  
  48  5:30  Drone x3  
  50  5:40  Mutalisk  
  50  5:41  Mutalisk x2  
  56  5:43  Mutalisk  
  58  5:50  Mutalisk  
  58  5:54  Baneling Nest  
  59  6:04  Mutalisk x2  
  59  6:05  Mutalisk  
  59  6:07  Zergling x4  
  67  6:19  Mutalisk, Zergling x4  
  71  6:41  Mutalisk  
  71  6:42  Mutalisk  
  71  6:43  Drone x11  
  86  6:53  Overseer  
  86  6:55  Pneumatized Carapace  
  86  6:56  Drone  
  86  7:00  Evolution Chamber  
  86  7:01  Evolution Chamber  
  85  7:02  Drone x3  
  85  7:05  Extractor  
  85  7:06  Extractor  
  86  7:17  Mutalisk  
  86  7:18  Mutalisk  
  86  7:20  Drone x8  
  94  7:27  Mutalisk  
  94  7:28  Drone x2  
  98  7:34  Overlord  
  98  7:46  Overlord, Centrifical Hooks  
  98  8:08  Hatchery  
  98  8:10  Zergling x2  
  98  8:11  Zergling x22  
  109  8:19  Queen  
  111  8:21  Overlord  
  111  8:30  Overlord  
  109  8:46  Mutalisk x5  
  109  8:48  Zergling x6  
  118  8:49  Overlord, Zergling x2  
  118  8:53  Overlord  
  118  8:54  Zergling x4  
  123  9:03  Overlord  
  123  9:04  Zergling x8  
  118  9:11  Mutalisk  
  118  9:12  Mutalisk x2  
  119  9:17  Overlord  
  119  9:18  Zergling x2  
  119  9:22  Overlord  
Show
View Real Time Build Order
Export as new Build Order

MARU Terran 

Build Orders:  

Get SALT Encoding   

  12  0:00  SCV  
  13  0:13  SCV  
  14  0:18  Supply Depot  
  14  0:25  SCV  
  15  0:39  SCV  
  16  0:43  Barracks  
  16  0:52  Refinery  
  16  0:53  SCV  
  17  1:05  SCV  
  17  1:21  SCV  
  18  1:32  Supply Depot, Marine  
  19  1:42  Orbital Command  
  19  1:45  Refinery  
  19  1:50  Marine  
  20  2:07  Marine  
  21  2:09  SCV, Factory  
  22  2:26  Command Center  
  22  2:39  Barracks Reactor  
  21  2:53  SCV  
  21  2:55  Starport  
  21  2:58  Hellion  
  24  3:05  SCV  
  25  3:09  Supply Depot  
  25  3:17  SCV  
  26  3:28  Marine  
  26  3:29  SCV  
  26  3:32  Hellion  
  26  3:33  Hellion  
  32  3:42  Orbital Command  
  32  3:46  Barracks Tech Lab  
  32  4:00  SCV  
  32  4:02  Bunker  
  33  4:05  Supply Depot  
  33  4:08  Orbital Command  
  33  4:11  Hellion  
  33  4:12  Hellion  
  33  4:43  Marine  
  34  4:47  Widow Mine x2  
  34  4:49  Medivac  
  40  4:53  SCV  
  40  4:55  SCV  
  42  5:00  Marine  
  42  5:05  SCV  
  44  5:07  SCV  
  44  5:12  Engineering Bay  
  45  5:15  Widow Mine  
  45  5:16  Widow Mine  
  45  5:17  SCV  
  45  5:18  Marine  
  51  5:44  Supply Depot  
  51  5:47  SCV, Refinery  
  52  5:59  Hellion x2  
  52  6:01  Marine  
  57  6:05  Starport Reactor  
  57  6:08  Factory  
  57  6:11  Barracks  
  57  6:19  Marine  
  57  6:24  Armory  
  57  6:25  Terran Infantry Weapons Level 1  
  58  6:26  SCV  
  58  6:31  Supply Depot  
  59  6:34  SCV  
  59  6:38  SCV  
  51  6:41  Marine  
  51  6:46  SCV  
  53  6:50  SCV  
  53  6:52  Missile Turret  
  54  6:55  Missile Turret  
  54  6:58  SCV  
  54  6:59  Marine  
  56  7:03  SCV, Barracks Reactor  
  56  7:06  Factory Tech Lab  
  56  7:10  SCV  
  50  7:16  Marine  
  45  7:34  Marine  
  45  7:49  SCV  
  46  7:52  Missile Turret, Marine  
  46  7:57  SCV, Refinery  
  48  8:01  SCV  
  49  8:10  Command Center  
  49  8:13  SCV, Siege Tank  
  49  8:14  Barracks Reactor  
  53  8:25  SCV  
  50  8:30  Marine  
  51  8:37  SCV  
  49  8:45  Thor  
  49  8:48  Marine  
  49  8:56  Marine  
  49  9:01  Viking  
  54  9:06  Marine  
Tags
 
Composition
Muta Ling Bane
Matchup
TvZ
Add a new tag
Caveats
  • Supply blocks, unpowered buildings, or Contaminate may cause inaccurate times.
  • Supply counts are checked every 10 seconds.